 Dungeon Crawl Stone Soup version 0.28.0-53-g5a82cb258f (webtiles) character file.

Game seed: 7069630592174602177

90 quokkamancerX the Chiller (level 4, -3/32 HPs)
             Began as a Gnoll Ice Elementalist on July 2, 2022.
             Was an Initiate of Sif Muna.
             Slain by a black bear (6 damage)
             ... on level 4 of the Dungeon.
             The game lasted 00:09:01 (2448 turns).

quokkamancerX the Chiller (Gnoll Ice Elementalist)  Turns: 2448, Time: 00:09:01

Health: -3/32      AC:  9    Str:  7    XL:     4   Next: 56%
Magic:  3/11       EV: 13    Int: 21    God:    Sif Muna [......]
Gold:   74         SH:  0    Dex: 12    Spells: 6/13 levels left

rFire   + . .      SeeInvis .   a - +4 war axe of Descent {pain, rF+ rN+ Int+4}
rCold   . . .      Faith    .   (no shield)
rNeg    + . .      Spirit   .   f - +0 robe
rPois   .          Reflect  .   (no helmet)
rElec   .          Harm     .   (no cloak)
rCorr   .          Rampage  .   (no gloves)
Will    .....                   (no boots)
Stlth   ++........              (no amulet)
HPRegen 0.10/turn               (no ring)
MPRegen 0.12/turn               (no ring)

@: ice-armoured, freezing walls
A: fangs 1, strong nose, distributed training
a: Renounce Religion


You were on level 4 of the Dungeon.
You worshipped Sif Muna.
Sif Muna was noncommittal.
You visited 1 branch of the dungeon, and saw 4 of its levels.

You collected 164 gold pieces.
You spent 90 gold pieces at shops.

Inventory:

Hand Weapons
 a - the +4 war axe of Descent (weapon) {pain, rF+ rN+ Int+4}
   (You found it on level 3 of the Dungeon)

   In the hands of one skilled in necromantic magic, it inflicts extra damage on
   living creatures.
   Int:       It affects your intelligence (+4).
   rF:        It protects you from fire.
   rN:        It protects you from negative energy.
 b - a +0 hunting sling
Missiles
 k - 79 stones
Armour
 f - a +0 robe (worn)
Scrolls
 e - a scroll of holy word {unknown}
 g - 2 scrolls of teleportation {unknown}
 h - 2 scrolls of identify {unknown}
 j - a scroll of noise {unknown}
 m - a scroll of blinking {unknown}
Potions
 c - a potion of attraction {unknown}
 d - a potion of brilliance {unknown}
 i - 3 potions of curing {unknown}
 l - 2 potions of mutation {unknown}


   Skills:
 + Level 1.2 Fighting
 + Level 1.2 Short Blades
 + Level 1.2 Long Blades
 + Level 1.2 Axes
 + Level 1.2 Maces & Flails
 + Level 1.2 Polearms
 + Level 1.2 Staves
 + Level 1.2 Slings
 + Level 1.2 Bows
 + Level 1.2 Crossbows
 + Level 1.2 Throwing
 + Level 1.2 Armour
 + Level 4.6 Dodging
 + Level 4.3 Stealth
 + Level 1.2 Shields
 + Level 1.2 Unarmed Combat
 + Level 5.1 Spellcasting
 + Level 1.0 Conjurations
 + Level 1.0 Hexes
 + Level 1.0 Summonings
 + Level 1.0 Necromancy
 + Level 1.0 Translocations
 + Level 1.0 Transmutations
 + Level 1.0 Fire Magic
 + Level 7.1 Ice Magic
 + Level 1.0 Air Magic
 + Level 1.0 Earth Magic
 + Level 1.0 Poison Magic
 + Level 1.3 Invocations
 + Level 1.2 Evocations


You had 6 spell levels left.
You knew the following spells:

 Your Spells              Type           Power      Damage    Failure   Level
a - Freeze                Ice            100%       1d11      1%          1
f - Frozen Ramparts       Ice            70%        1d9       1%          3
g - Ozocubu's Armour      Ice            35%        N/A       1%          3

Your spell library contained the following spells:

 Spells                   Type           Power      Damage    Failure   Level
 Hailstorm                Conj/Ice       22%        3d7       21%         4


Dungeon Overview and Level Annotations

Branches:
Dungeon (4/15)
 Temple: D:4-7

Altars:
Sif Muna

Shops:
D:1 *


Innate Abilities, Weirdness & Mutations

You have very sharp teeth.
Your uncanny sense of smell can sniff out nearby items.
Your experience applies equally to all skills.


Message History

You see here a hound corpse.
You climb downwards.
The black bear bites you. The black bear claws you. x2
There is a stone staircase leading up, spattered with blood here.
Casting: Freeze (safe; 1% risk of failure)
Confirm with . or Enter, or press ? or * to list all spells.
Casting: Frozen Ramparts (safe; 1% risk of failure)
Press: ? - help, Dir - look around, f - activate The walls around you are covered in ice.
The wall freezes the black bear.
The black bear closely misses you. The black bear claws you. x2
Casting: Frozen Ramparts (safe; 1% risk of failure)
Confirm with . or Enter, or press ? or * to list all spells.
A film of ice covers your body!
The wall freezes the black bear.
The black bear closely misses you.
The black bear claws you but does no damage.
The black bear claws you.
* * * LOW HITPOINT WARNING * * *
Casting: Ozocubu's Armour (safe; 1% risk of failure)
Confirm with . or Enter, or press ? or * to list all spells.
Aiming: Freeze (safe; 1% risk of failure)
Press: ? - help, Shift-Dir - straight line, f - black bear
Aim: a black bear (heavily wounded)
You freeze the black bear!
The black bear is severely wounded.
The wall freezes the black bear.
The black bear goes berserk!
Casting: Freeze (safe; 1% risk of failure)
Confirm with . or Enter, or press ? or * to list all spells.
Aiming: Freeze (safe; 1% risk of failure)
Press: ? - help, Shift-Dir - straight line, f/p - black bear
Aim: a black bear (almost dead, berserk)
You freeze the black bear.
The black bear is almost dead.
The wall freezes the black bear.
The black bear bites you.
* * * LOW HITPOINT WARNING * * *
The black bear misses you.
The black bear claws you but does no damage.
The wall freezes the black bear but does no damage.
The black bear bites you but does no damage.
The black bear claws you.
You die...

....... .....
#...... ......
##.....# .....
##......# ...# ..
#.......##..# ...
#.........#....
#.........#...##
#@h.....##.###
###............
#..........?...
#..............
##......#...........
...#..###........
....# ##.....#...
.#(.###....### ...
##.#.#......#.....


You could see a black bear (berserk).

Vanquished Creatures
  A hound (D:3)
  An adder (D:2)
  A white imp (D:3)
  A dart slug (D:2)
  3 endoplasms
  4 giant cockroaches
  2 hobgoblins
  3 jackals (D:2)
  2 quokkas
  5 ball pythons
  5 bats
  2 frilled lizards
  3 goblins
  4 kobolds
  5 rats
42 creatures vanquished.

Notes
Turn   | Place    | Note
-------+----------+-------------------------------------------
     0 | D:1      | quokkamancerX the Gnoll Ice Elementalist began the quest
                  | for the Orb.
     0 | D:1      | Reached XP level 1. HP: 13/13 MP: 6/6
   146 | D:1      | Found Ciggit's Assorted Antiques.
   170 | D:1      | Bought a scroll labelled HICRUTINEO for 24 gold pieces
   170 | D:1      | Bought a black potion for 21 gold pieces
   170 | D:1      | Bought a bubbling puce potion for 21 gold pieces
   187 | D:1      | Bought a scroll labelled MEAMEI EFROSI for 24 gold pieces
   271 | D:1      | Reached XP level 2. HP: 11/19 MP: 4/7
   721 | D:1      | Found a faded altar of an unknown god.
  1461 | D:2      | Reached XP level 3. HP: 25/25 MP: 9/9
  1467 | D:2      | Learned a level 3 spell: Frozen Ramparts
  1471 | D:2      | Learned a level 3 spell: Ozocubu's Armour
  1483 | D:2      | Reached skill level 5 in Spellcasting
  1558 | D:2      | Found a shimmering blue altar of Sif Muna.
  1570 | D:2      | Became a worshipper of Sif Muna the Loreminder
  1740 | D:2      | Reached skill level 1 in Invocations
  1990 | D:2      | Reached skill level 1 in Fighting
  1990 | D:2      | Reached skill level 1 in Short Blades
  1990 | D:2      | Reached skill level 1 in Long Blades
  1990 | D:2      | Reached skill level 1 in Axes
  1990 | D:2      | Reached skill level 1 in Maces & Flails
  1990 | D:2      | Reached skill level 1 in Polearms
  1990 | D:2      | Reached skill level 1 in Staves
  1990 | D:2      | Reached skill level 1 in Slings
  1990 | D:2      | Reached skill level 1 in Bows
  1990 | D:2      | Reached skill level 1 in Crossbows
  1990 | D:2      | Reached skill level 1 in Throwing
  1990 | D:2      | Reached skill level 1 in Armour
  1990 | D:2      | Reached skill level 1 in Shields
  1990 | D:2      | Reached skill level 1 in Unarmed Combat
  1990 | D:2      | Reached skill level 1 in Evocations
  2168 | D:3      | Identified the +4 war axe of Descent {pain, rF+ rN+ Int+4}
  2247 | D:3      | You fall into a shaft and drop 1 floor!
  2295 | D:4      | Noticed a black bear
  2307 | D:3      | Reached XP level 4. HP: 18/32 MP: 0/11
  2309 | D:3      | Reached skill level 1 in Conjurations
  2309 | D:3      | Reached skill level 1 in Hexes
  2309 | D:3      | Reached skill level 1 in Summonings
  2309 | D:3      | Reached skill level 1 in Necromancy
  2309 | D:3      | Reached skill level 1 in Translocations
  2309 | D:3      | Reached skill level 1 in Transmutations
  2309 | D:3      | Reached skill level 1 in Fire Magic
  2309 | D:3      | Reached skill level 1 in Air Magic
  2309 | D:3      | Reached skill level 1 in Earth Magic
  2309 | D:3      | Reached skill level 1 in Poison Magic
  2448 | D:4      | Slain by a black bear

Illustrated notes

Levels and vault maps discovered:
D:1:      mrwooster_arrival_statue, layout_basic, ebering_ecumenical_altar_rust,
          serial_shops, shop_coins, chequers_serial_rivers_small_b,
          serial_bayou_pond_a, skrybe_limestone_x,
          amcnicky_mini_corridor_feature
D:2:      layout_basic, basic_altar
D:3:      layout_loops_cross, nicolae_dithmenos_the_darkroom,
          uniq_crazy_yiuf_cottage
D:4:      layout_cave_pools, minmay_temple_entry_stoned_glass, uniq_duvessa

Skill      XL: |  1  2  3  4 |
---------------+-------------+-----
Spellcasting   | 5 |  5.1
Invocations    | 1 |  1.3
Fighting       | 1 |  1.2
Short Blades   | 1 |  1.2
Long Blades    | 1 |  1.2
Axes           | 1 |  1.2
Maces & Flails | 1 |  1.2
Polearms       | 1 |  1.2
Staves         | 1 |  1.2
Slings         | 1 |  1.2
Bows           | 1 |  1.2
Crossbows      | 1 |  1.2
Throwing       | 1 |  1.2
Armour         | 1 |  1.2
Shields        | 1 |  1.2
Unarmed Combat | 1 |  1.2
Evocations     | 1 |  1.2
Conjurations   | 1 |  1.0
Hexes          | 1 |  1.0
Summonings     | 1 |  1.0
Necromancy     | 1 |  1.0
Translocations | 1 |  1.0
Transmutations | 1 |  1.0
Fire Magic     | 1 |  1.0
Air Magic      | 1 |  1.0
Earth Magic    | 1 |  1.0
Poison Magic   | 1 |  1.0
Dodging        | |  4.6
Stealth        | |  4.3
Ice Magic      | |  7.1

Action                   |  1- 3 |  4- 6 || total
-------------------------+-------+-------++-------
Melee: Short sword       |    46 |       ||    46
       Unarmed           |     1 |       ||     1
       Bite              |     7 |       ||     7
       War axe           |     5 |     2 ||     7
 Fire: Hunting sling     |     1 |       ||     1
 Cast: Freeze            |    33 |     2 ||    35
       Ozocubu's Armour  |     2 |     1 ||     3
       Frozen Ramparts   |     2 |     1 ||     3
 Stab: Sleeping          |     2 |       ||     2
Armor: Robe              |    20 |     3 ||    23
Dodge: Dodged            |    66 |     5 ||    71
